 Dungeon Crawl Stone Soup version 0.30.1-9-gdf580d7c3d (webtiles) character file.

Game seed: 13926856251676092398

945 Wiggles the Cleaver (level 7, -4/62 HPs)
             Began as a Minotaur Berserker on Oct 10, 2023.
             Was a Priest of Trog.
             Slain by a phantom (6 damage)
             ... on level 5 of the Dungeon.
             The game lasted 00:05:47 (3695 turns).

Wiggles the Cleaver (Minotaur Berserker)            Turns: 3695, Time: 00:05:48

Health: -4/62      AC: 11    Str: 23    XL:     7   Next: 89%
Magic:  6/6        EV:  9    Int:  4    God:    Trog [***...]
Gold:   200        SH:  0    Dex: 10    Spells: 6/6 levels left

rFire   . . .        a - +0 hand axe
rCold   . . .        (no shield)
rNeg    . . .        o - +0 chain mail
rPois   .            (helmet restricted)
rElec   .            (no cloak)
rCorr   .            b - +0 pair of gloves
SInv    +            (no boots)
Will    .....        (no amulet) Stlth
                     n - ring of see invisible
HPRegen 0.30/turn    (no ring)
MPRegen 0.10/turn

%: no passive effects
@: on berserk cooldown, slowed, very slow
A: horns 2, retaliatory headbutt
a: Renounce Religion, Berserk, Trog's Hand


You were on level 5 of the Dungeon.
You worshipped Trog.
Trog was most pleased with you.
You visited 1 branch of the dungeon, and saw 5 of its levels.

You collected 200 gold pieces.

Inventory:

Hand Weapons
 a - a +0 hand axe (weapon)
Armour
 b - a +0 pair of gloves (worn)
 o - a +0 chain mail (worn)
Jewellery
 n - a ring of see invisible (left hand)
Wands
 m - a wand of polymorph (7)
Scrolls
 c - 4 scrolls of teleportation {unknown}
 e - a scroll of amnesia {unknown}
 g - 2 scrolls of fog {unknown}
 j - a scroll of silence {unknown}
 l - a scroll of blinking {unknown}
 p - a scroll of magic mapping {unknown}
 t - a scroll of torment {unknown}
 v - a scroll of poison {unknown}
 w - 2 scrolls of identify {unknown}
Potions
 d - a potion of resistance {unknown}
 f - a potion of brilliance {unknown}
 h - a potion of heal wounds {unknown}
 i - 5 potions of curing {unknown}
 k - a potion of might {unknown}
 q - 2 potions of flight {unknown}
 r - 4 potions of haste {unknown}
 s - 2 potions of mutation {unknown}
 u - a potion of lignification {unknown}


   Skills:
 + Level 5.9 Fighting
 + Level 8.5 Axes
 + Level 5.1 Armour
 + Level 3.5 Dodging
 + Level 1.2 Stealth


You had 6 spell levels left.
You didn't know any spells.
Your spell library was empty.

Dungeon Overview and Level Annotations

Branches:
Dungeon (5/15)
 Temple: D:4-7

Altars:
Dithmenos

Annotations:
D:4 3 runed translucent doors, BigBadBruin's ghost, novice TrBe; KittyFluff's ghost, amateur GrBe; danielguo94's ghost, amateur GrFi; monkeyman's ghost, amateur MiBe


Innate Abilities, Weirdness & Mutations

You have a pair of horns on your head.
You reflexively headbutt those who attack you in melee.


Message History

There is a stone staircase leading up here.
The phantom closely misses you.
The phantom hits you but does no damage. x2
There is a stone staircase leading up here.
You barely miss the phantom.
The phantom is moderately damaged.
The phantom hits you but does no damage.
You miss the phantom.
The phantom is moderately damaged.
The phantom closely misses you. You furiously retaliate!
You headbutt the phantom! You hit the phantom.
You headbutt the phantom, but do no damage.
The phantom is almost destroyed.
The phantom misses you.
The phantom hits you but does no damage.
You closely miss the phantom. Your headbutt misses the phantom.
The phantom is almost destroyed.
The phantom hits you but does no damage.
You closely miss the phantom.
The phantom is almost destroyed.
The phantom hits you.
* * * LOW HITPOINT WARNING * * *
You closely miss the phantom.
The phantom is almost destroyed.
The phantom hits you but does no damage. x2
You closely miss the phantom.
The phantom is almost destroyed.
The phantom hits you.
* * * LOW HITPOINT WARNING * * *
You closely miss the phantom. Your headbutt misses the phantom.
The phantom is almost destroyed.
The phantom hits you but does no damage.
You closely miss the phantom. Your headbutt misses the phantom.
The phantom is almost destroyed.
The phantom hits you but does no damage. x2
You miss the phantom. Your headbutt misses the phantom.
The phantom is almost destroyed.
The phantom hits you.
You die...

...............?.....
...........##.####.#
....†......##..# .#
...............## .#
.......<..#$#...##.#
...######.)........###
...###
####.........##.
.....# #..#.........
#.##..# #....@W......
...##.# #.#..........
#......# # #...#.....)
..##...# #..#.......
#.# .... #.. .###...
... .... ... ## .##
.?. #.## .... . .....
#.....


You could see a phantom.

Vanquished Creatures
  Grinder (D:3)
  2 centaurs (D:5)
  A phantom (D:5)
  A bullfrog (D:4)
  2 howler monkeys
  2 hounds
  A jelly (D:5)
  2 sleepcaps (D:4)
  An orc wizard (D:4)
  4 gnolls
  6 adders
  2 white imps (D:5)
  A dart slug (D:1)
  7 orcs
  3 ball pythons
  4 endoplasms
  5 giant cockroaches
  7 goblins
  8 hobgoblins
  5 quokkas
  6 bats
  A frilled lizard (D:1)
  9 kobolds
  16 rats
97 creatures vanquished.

Notes
Turn   | Place    | Note
-------+----------+-------------------------------------------
     0 | D:1      | Wiggles the Minotaur Berserker began the quest for the Orb.
     0 | D:1      | Reached XP level 1. HP: 19/19 MP: 0/0
    42 | D:1      | Reached XP level 2. HP: 27/27 MP: 1/1
    43 | D:1      | Reached skill level 4 in Axes
   403 | D:1      | Reached XP level 3. HP: 29/34 MP: 2/2
   955 | D:2      | Reached ** piety under Trog
  1176 | D:2      | Reached skill level 5 in Axes
  1176 | D:2      | Reached XP level 4. HP: 39/41 MP: 3/3
  2259 | D:3      | Noticed Grinder
  2260 | D:3      | Paralysed by Grinder for 2 turns
  2270 | D:3      | Paralysed by Grinder for 4 turns
  2275 | D:3      | Killed Grinder
  2276 | D:3      | Reached skill level 5 in Fighting
  2276 | D:3      | Reached skill level 6 in Axes
  2276 | D:3      | Reached XP level 5. HP: 44/48 MP: 4/4
  2276 | D:3      | Reached XP level 6. HP: 51/56 MP: 5/5
  2809 | D:3      | Reached skill level 1 in Stealth
  3050 | D:4      | Reached skill level 7 in Axes
  3105 | D:4      | Reached XP level 7. HP: 60/61 MP: 6/6
  3114 | D:4      | Found a shadowy altar of Dithmenos.
  3239 | D:4      | Found a runed translucent gate.
  3239 | D:4      | Found a runed translucent gate.
  3239 | D:4      | Found a runed translucent gate.
  3240 | D:4      | Noticed danielguo94's ghost (amateur GrFi)
  3240 | D:4      | Noticed monkeyman's ghost (amateur MiBe)
  3240 | D:4      | Noticed BigBadBruin's ghost (novice TrBe)
  3240 | D:4      | Noticed KittyFluff's ghost (amateur GrBe)
  3335 | D:4      | Reached *** piety under Trog
  3515 | D:5      | Entered Level 5 of the Dungeon
  3532 | D:5      | Reached skill level 8 in Axes
  3677 | D:5      | Reached skill level 5 in Armour
  3692 | D:5      | HP: 1/62 [phantom (5)]
  3695 | D:5      | Slain by a phantom

Illustrated notes

Levels and vault maps discovered:
D:1:      lightli_arrival_flooded_house, layout_basic, serial_bayou_pond_d
D:2:      layout_basic
D:3:      layout_basic, gup_sewer_entry_bubbles, uniq_grinder
D:4:      layout_cave_pools, overflow_temple_1_default, gammafunk_ghost_cemetery
D:5:      layout_rooms, lemuel_coloured_pillars_altar,
          lemuel_mausoleum_altar_yredelemnul, serial_glass, glass_columns_c,
          glass_columns_b

Skill      XL: |  1  2  3  4  5  6  7 |
---------------+----------------------+-----
Fighting       | 4 5 |  5.9
Axes           | 4 5 6 7 8 |  8.5
Armour         | 3 4 5 |  5.1
Dodging        | 3 |  3.5
Stealth        | 1 |  1.2

Action                     |  1- 3 |  4- 6 |  7- 9 || total
---------------------------+-------+-------+-------++-------
  Melee: Hand axe          |    62 |   104 |    55 ||   221
         Headbutt          |     7 |    17 |    12 ||    36
 Invoke: Berserk           |     1 |     2 |     2 ||     5
 Armour: Animal skin       |     8 |       |       ||     8
         Chain mail        |       |    53 |    50 ||   103
  Dodge: Dodged            |    48 |    41 |    26 ||   115
